 Dungeon Crawl Stone Soup version 0.8.0-178-g5053f60 character file.

2420 Sogdo the Changer (level 9, -4/46 HPs)
             Began as a Spriggan Stalker on June 12, 2011.
             Was an Initiate of Nemelex Xobeh.
             Slain by a yak (8 damage)
             ... on Level 8 of the Dungeon on June 13, 2011.
             The game lasted 00:51:10 (6167 turns).

Sogdo the Changer (Spriggan Stalker)                Turns: 6167, Time: 00:51:10

HP  -4/46        AC  3     Str  9 Exp: 9/3278 (440), need: 1804
MP  22/22        EV 22     Int 14      God: Nemelex Xobeh [......]
Gold 126         SH  0     Dex 17      Spells:  4 memorised,  6 levels left

Res.Fire  : + . .   See Invis. : +   a - +2 dagger
Res.Cold  : . . .   Warding    : . . b - +0 robe
Life Prot.: . . .   Conserve   : .   (shield restricted)
Res.Acid. : . . .   Res.Corr.  : .   (helmet restricted)
Res.Poison: .       Clarity    : +   c - +0 cloak
Res.Elec. : .       Spirit.Shd : .   (gloves unavailable)
Sust.Abil.: . .     Stasis     : .   (boots unavailable)
Res.Mut.  : .       Ctrl.Telep.: .   y - amulet of clarity {unknown}
Res.Rott. : .       Levitation : .   (no ring)
Saprovore : . . .   Ctrl.Flight: .   t - ring of protection from fire {unknown}

@: very quick, quite resistant to hostile enchantments, quite stealthy
A: unfitting armour, see invisible, herbivore 3, speed 3, slow metabolism 3
a: Renounce Religion


You were on level 8 of the Dungeon.
You worshipped Nemelex Xobeh.
Nemelex Xobeh was pleased with you.
You were not hungry.

You visited 2 branches of the dungeon, and saw 7 of its levels.

You collected 140 gold pieces.
You spent 34 gold pieces at shops.

Inventory:

Hand weapons
 a - a +2,+2 dagger (weapon)
 G - a +0 blowgun
Armour
 b - a +0 robe (worn)
 c - a +0 cloak (worn)
 D - a +1 elven robe
Magical devices
 n - a wand of draining (7) {unknown}
 B - a wand of lightning (5)
 C - a wand of slowing (8) {unknown}
Comestibles
 A - 13 sultanas
Scrolls
 g - 2 scrolls of teleportation {unknown}
 k - 2 scrolls of curse armour {unknown}
 o - 5 scrolls of remove curse {unknown}
 p - 3 scrolls of blinking {unknown}
 q - a scroll of random uselessness {unknown}
 r - a scroll of detect curse {unknown}
 u - 3 scrolls of identify {unknown}
 v - a scroll of amnesia {unknown}
 w - a scroll of curse weapon {unknown}
 x - a scroll of curse jewellery {unknown}
Jewellery
 t - a ring of protection from fire (left hand) {unknown}
 y - an amulet of clarity (around neck) {unknown}
Potions
 e - 4 potions of confusion
 f - a potion of porridge
 h - 2 potions of might {unknown}
 i - a potion of poison
 j - 12 potions of water
 l - 2 potions of healing
 m - a potion of heal wounds {unknown}
 s - a potion of speed {unknown}
 F - a potion of invisibility {unknown}
Books
 d - a book of Stalking

   Spells                             Type                      Level
   *Fulsome Distillation              Transmutation/Necromancy     1
   *Evaporate                         Fire/Transmutation           2
   *Passwall                          Transmutation/Earth          3
   Petrify                            Transmutation/Earth          4
   *Dig                               Transmutation/Earth          4
Miscellaneous
 E - a plain deck of escape {drawn: 7} {god gift} You had 440 experience left.


   Skills:
 + Level 3 Fighting
 + Level 7 Short Blades
 + Level 7 Dodging
 + Level 5 Stealth
 + Level 6 Stabbing
 + Level 4 Spellcasting
 + Level 2 Necromancy
 + Level 7 Transmutations
 + Level 2 Fire Magic
 + Level 1 Earth Magic


You had 6 spell levels left.
You knew the following spells:

 Your Spells              Type           Power        Success   Level  Hunger
a - Passwall Erth/Trmt    ###.......     Very         Good        3    Choko
b - Evaporate             Fire/Trmt      ####......   Excellent   2    Strawberry
c - Fulsome Distillation  Trmt/Necr      N/A          Excellent   1    None
d - Dig                   Erth/Trmt      ###......    Fair        4    Honeycomb

Dungeon Overview and Level Annotations

Branches:
Dungeon (8/27)             Temple (1/1) D:7
    Orc: D:6-11        Lair: D:8-13

Altars:
Ashenzari
Cheibriados
Elyvilon
Fedhas
Kikubaaqudgha
Makhleb
Nemelex Xobeh
Okawaru
Sif Muna
The Shining One
Trog
Vehumet
Xom
Yredelemnul
Zin

Shops:
D:6: %


Innate Abilities, Weirdness & Mutations

You are tiny and cannot use many weapons and most armour.
You have supernaturally acute eyesight.
You are a herbivore.
You cover ground extremely quickly.
You need consume almost no food.


Message History

You hit the yak, but do no damage.
The yak is lightly wounded.
The yak gores you!
* * * LOW HITPOINT WARNING * * *
You barely miss the yak. The yak gores you!
You die...
Your body disappears without a glow.

▒▒▒▒▒▒▒▒▒▒▒▒▒▒▒ ▒∙∙▒▒∙∙∙>▒>∙∙∙▒▒▒ ∙
▒▒∙∙∙∙▒▒∙∙>∙∙∙∙∙∙▒▒ ▒∙∙ ∙
▒▒▒∙∙∙∙∙∙▒∙∙∙∙∙∙∙∙∙∙∙ ▒∙8■8
▒∙▒▒∙∙∙∙∙∙∙∙∙∙∙∙∙∙∙∙∙∙∙∙ ▒∙▒$▒▒
▒∙▒▒∙∙∙∙∙∙∙∙∙∙∙∙∙∙∙∙∙∙∙∙ ▒∙▒∙∙▒
▒∙▒∙▒▒∙∙∙)∙∙∙∙∙∙∙∙∙∙∙∙∙∙ ▒∙▒cz
▒∙▒▒∙∙∙∙∙∙∙∙∙∙∙∙∙∙∙∙∙∙∙∙ ▒∙▒*▒▒
▒∙∙∙∙∙∙∙∙∙∙∙∙∙∙∙∙∙∙∙∙∙∙∙ ▒∙8■8▒
▒∙▒∙Y@∙∙∙5∙∙∙∙∙∙∙∙∙∙∙∙∙∙ ▒∙∙∙∙▒
▒▒∙▒∙∙∙∙∙∙∙∙∙∙∙∙∙∙∙∙∙∙∙∙∙
▒∙∙∙∙▒▒▒▒▒▒∙∙∙∙∙(∙∙∙∙∙∙∙∙∙∙∙∙∙∙∙∙∙∙
▒∙▒∙∙∙∙∙c∙∙∙∙∙∙∙∙∙∙∙∙∙∙∙∙∙∙∙∙∙∙∙∙∙∙
▒▒▒▒▒▒∙▒▒∙∙∙∙∙∙∙∙∙∙∙∙∙∙∙∙∙∙∙∙∙∙∙∙∙∙
▒∙∙∙∙∙∙∙∙∙∙∙∙∙∙∙∙∙∙∙∙∙∙∙∙∙∙∙∙∙
▒∙▒∙∙∙∙∙∙∙∙∙∙∙∙∙∙∙∙∙∙∙∙∙∙∙∙∙∙∙∙∙
▒∙∙∙∙∙∙∙∙∙∙∙∙∙∙∙∙≈∙∙∙∙∙∙∙∙∙≈∙∙∙
▒∙∙∙∙∙∙∙∙∙∙∙∙∙∙∙≈≈≈∙∙∙∙∙∙∙≈≈≈∙∙
▒▒∙∙∙∙∙∙∙∙∙∙∙∙∙∙∙≈∙∙∙∙∙∙∙∙∙≈∙∙∙
▒∙∙∙∙∙∙∙∙∙∙∙∙∙∙∙∙∙∙∙∙∙∙∙∙∙∙∙∙∙∙
▒∙∙∙∙∙∙∙∙∙∙∙∙∙∙∙∙∙∙∙∙∙∙∙∙∙∙∙∙∙∙


You could see a yak and an imp.

Vanquished Creatures
  A centaur warrior (D:8)
  Eustachio (D:6)
  2 centaurs
  An ogre (D:7)
  Duvessa (D:7)
  2 giant frogs (D:7)
  An imp (D:6)
  Dowan (D:7)
  A brain worm zombie (D:8)
  A goliath beetle (D:7)
  2 worker ants (D:7)
  A jelly (D:6)
  3 gnolls (D:2)
  An iguana zombie (D:7)
  2 snakes
  A snake skeleton (D:6)
  A giant gecko (D:8)
  2 oozes
  10 orcs
  A giant cockroach (D:1)
  12 goblins
  10 hobgoblins
  10 megabats
  2 quokkas
  4 small snakes
  10 giant newts
  2 giant spores
  9 kobolds
  14 rats
  A rat skeleton (D:6)
  4 ballistomycetes
114 creatures vanquished.

Vanquished Creatures (collateral kills)
  A giant frog (D:8)
  A kobold (D:6)
2 creatures vanquished.

Vanquished Creatures (others)
  An orc (D:6)
  A ballistomycete (D:8)
2 creatures vanquished.

Grand Total: 118 creatures vanquished

Notes
Turn   | Place    | Note
--------------------------------------------------------------
     0 | D:1      | Sogdo, the Spriggan Stalker, began the quest for the Orb.
     0 | D:1      | Reached XP level 1. HP: 10/10 MP: 2/2
    96 | D:1      | Learned a level 1 spell: Fulsome Distillation
   173 | D:1      | Reached XP level 2. HP: 11/13 MP: 3/5
   446 | D:1      | Learned a level 2 spell: Evaporate
   872 | D:1      | Reached XP level 3. HP: 13/18 MP: 6/7
   894 | D:1      | Found a snail-covered altar of Cheibriados.
  1212 | D:2      | Learned a level 3 spell: Passwall
  1492 | D:2      | Reached skill level 4 in Transmutations
  1673 | D:2      | Found an ancient bone altar of Kikubaaqudgha.
  1762 | D:2      | Reached XP level 4. HP: 21/21 MP: 8/10
  3036 | D:3      | You fall through a shaft!
  3090 | D:6      | Reached skill level 1 in Necromancy
  3181 | D:6      | Found an ancient bone altar of Kikubaaqudgha.
  3183 | D:6      | Noticed Eustachio
  3189 | D:6      | Defeated Eustachio
  3189 | D:6      | Reached XP level 5. HP: 25/25 MP: 7/12
  3189 | D:6      | Reached XP level 6. HP: 29/29 MP: 8/15
  3290 | D:6      | Found Muepp's Food Boutique.
  3293 | D:6      | Bought a rambutan for 5 gold pieces
  3293 | D:6      | Bought an apple for 11 gold pieces
  3293 | D:6      | Bought 13 sultanas for 18 gold pieces
  3346 | D:6      | Reached skill level 5 in Transmutations
  3449 | D:6      | Reached XP level 7. HP: 33/33 MP: 16/17
  3469 | D:6      | Reached skill level 1 in Fighting
  3530 | D:6      | Reached skill level 5 in Stabbing
  3613 | D:6      | Reached skill level 5 in Dodging
  3619 | D:6      | Reached skill level 6 in Transmutations
  3983 | D:7      | Reached skill level 1 in Fire Magic
  3987 | D:7      | Reached skill level 5 in Short Blades
  4239 | D:7      | Found a staircase to the Ecumenical Temple.
  4251 | D:7      | Reached XP level 8. HP: 39/39 MP: 17/20
  4285 | Temple   | Entered the Ecumenical Temple
  4313 | Temple   | Learned a level 4 spell: Dig
  4822 | Temple   | Became a worshipper of Yredelemnul the Dark
  4837 | Temple   | Fell from the grace of Yredelemnul
  4837 | Temple   | Was placed under penance by Yredelemnul
  4843 | Temple   | Became a worshipper of Nemelex Xobeh
  4922 | D:7      | Noticed Duvessa
  4925 | D:7      | Noticed Dowan
  4938 | D:7      | Defeated Dowan
  4953 | D:7      | Defeated Duvessa
  5325 | D:7      | Reached skill level 1 in Earth Magic
  5325 | D:7      | Reached skill level 7 in Transmutations
  5591 | D:7      | Received a gift from Nemelex Xobeh
  5879 | D:8      | Noticed a centaur warrior
  5887 | D:8      | Reached skill level 5 in Stealth
  6006 | D:8      | Defeated a centaur warrior
  6006 | D:8      | Reached XP level 9. HP: 20/44 MP: 18/21
  6167 | D:8      | Slain by a yak
